 Dungeon Crawl Stone Soup version 0.23-a0-607-g760965b (webtiles) character file.

301 hobnob the Ruffian (level 6, 0/54 HPs)
             Began as a Troll Earth Elementalist on Dec 20, 2018.
             Slain by a crimson imp (1 damage)
             ... summoned by Natasha
             ... on level 3 of the Dungeon.
             The game lasted 00:03:31 (1797 turns).

hobnob the Ruffian (Troll Earth Elementalist)       Turns: 1797, Time: 00:03:32

Health: 0/54       AC:  5    Str: 17    XL:     6   Next: 14%
Magic:  5/7        EV: 10    Int: 13    God:
Gold:   100        SH:  0    Dex: 10    Spells: 5/8 levels left

rFire    + . .     SeeInvis .     - Unarmed
rCold    + . .     Gourm    +   (no shield)
rNeg     . . .     Faith    .   c - +0 robe
rPois    +         Spirit   .   (helmet restricted)
rElec    +         Reflect  .   (no cloak)
rCorr    +         Harm     .   (gloves unavailable)
MR       .....                  (boots unavailable)
Stlth    +.........             (no amulet)
HPRegen  0.58/turn              (no ring)
MPRegen  0.10/turn              (no ring)

@: resistant
A: large, unfitting armour, claws 3, fast metabolism 3, gourmand, regeneration
1, shaggy fur 1, tough skin 2
a: no special abilities


You were on level 3 of the Dungeon.
You were completely stuffed.

You visited 1 branch of the dungeon, and saw 3 of its levels.

You collected 100 gold pieces.

Inventory:

Missiles
 b - 94 stones (quivered)
 f - 39 poisoned needles
 n - 2 tomahawks
Armour
 c - a +0 robe (worn)
Jewellery
 l - an uncursed ring of fire
Scrolls
 a - a scroll of enchant weapon {unknown}
 e - 2 scrolls of teleportation {unknown}
 g - a scroll of fear {unknown}
 h - 2 scrolls of amnesia {unknown}
 k - a scroll of magic mapping {unknown}
Potions
 m - a potion of might {unknown}
Comestibles
 d - 4 rations
 j - 6 chunks of flesh


   Skills:
 + Level 0.4 Fighting
 - Level 1.5 Dodging
 - Level 1.0 Stealth
 * Level 4.8 Unarmed Combat
 + Level 1.6 Spellcasting
 * Level 1.2 Transmutations
 + Level 3.5 Earth Magic


You had 5 spell levels left.
You knew the following spells:

 Your Spells              Type           Power        Failure   Level  Hunger
a - Sandblast             Erth           ##....       6%          1    ##.....
b - Passwall              Tmut/Erth      #.......     16%         2    ###....

Your spell library contained the following spells:

 Spells                   Type           Power        Failure   Level  Hunger
 Stone Arrow              Conj/Erth      #.....       36%         3    ####...
 Petrify                  Tmut/Erth      #.......     69%         4    #####..
 Lee's Rapid Deconstruct  Erth           ##........   86%         5    ######.


Dungeon Overview and Level Annotations

Branches:
Dungeon (3/15)

Altars:

Annotations:
D:3 Natasha


Innate Abilities, Weirdness & Mutations

You are too large for most types of armour.
You have claws for hands.
Your metabolism is lightning-fast.
You like to eat raw meat.
Your natural rate of healing is unusually fast.
You are covered in fur. (AC +1)
You have very tough skin. (AC +2)


Message History

Natasha claws you.
The iguana bites you but does no damage.
You barely miss Natasha.
Natasha casts a spell.
The iguana bites you!
* * * LOW HITPOINT WARNING * * *
You scratch Natasha but do no damage.
Natasha stares at you and mumbles some strange words.
You resist with some effort. The iguana barely misses you.
You scratch Natasha.
Natasha is moderately wounded.
The crimson imp hits you but does no damage.
Natasha claws you!
* * * LOW HITPOINT WARNING * * *
The iguana bites you.
* * * LOW HITPOINT WARNING * * *
It was a potion of resistance.
You feel protected. The crimson imp hits you.
You die...

#. ####.######.
##.####......)....
..................
#.####.##....รท...
###.## #.##.#######
....###'##........
#.)##.........#..
...#####h.##.........#..
.......@l..'.........#..
......).5.##.........#..
#########+##.........#..
......#####.. ......#
........ .......##
.....#


You could see an iguana, Natasha and a crimson imp.

Vanquished Creatures
  Sigmund (D:3)
  A worker ant (D:3)
  4 adders
  An ooze (D:1)
  4 worms
  3 dart slugs (D:2)
  2 leopard geckos
  8 bats
  4 giant cockroaches
  10 goblins
  5 hobgoblins
  4 kobolds
  A quokka (D:2)
  4 frilled lizards (D:1)
  2 rats
54 creatures vanquished.

Notes
Turn   | Place    | Note
-------+----------+-------------------------------------------
     0 | D:1      | hobnob the Troll Earth Elementalist began the quest for the
                  | Orb.
     0 | D:1      | Reached XP level 1. HP: 16/16 MP: 1/1
   183 | D:1      | Reached XP level 2. HP: 24/24 MP: 3/3
   190 | D:1      | Learned a level 2 spell: Passwall
   329 | D:1      | Reached skill level 1 in Unarmed Combat
   582 | D:1      | Reached XP level 3. HP: 31/31 MP: 4/4
   816 | D:2      | Reached skill level 2 in Unarmed Combat
   940 | D:2      | Found a faded altar of an unknown god.
  1016 | D:2      | Reached XP level 4. HP: 32/39 MP: 5/5
  1580 | D:3      | Reached skill level 3 in Unarmed Combat
  1747 | D:3      | Reached XP level 5. HP: 45/45 MP: 6/6
  1779 | D:3      | Noticed Sigmund
  1783 | D:3      | Noticed Natasha
  1793 | D:3      | Killed Sigmund
  1793 | D:3      | Reached skill level 4 in Unarmed Combat
  1793 | D:3      | Reached skill level 1 in Transmutations
  1793 | D:3      | Reached XP level 6. HP: 24/54 MP: 5/7
  1796 | D:3      | HP: 1/54 [iguana (4)]
  1797 | D:3      | Slain by a crimson imp

Vault maps used:
D:1:      minmay_arrival_wavy_path, kennysheep_nondescript
D:2:      chequers_ecumenical_altar_simple_redux
D:3:      cheibrodos_greedy_goblins, uniq_natasha, uniq_sigmund

Skill      XL: |  1  2  3  4  5 |
---------------+----------------+-----
Earth Magic    | 3 |  3.5
Unarmed Combat | 1 2 3 4 |  4.8
Transmutations | 1 |  1.2
Fighting       | |  0.4
Dodging        | |  1.5
Stealth        | |  1.0
Spellcasting   | |  1.6

Action                   |  1- 3 |  4- 6 || total
-------------------------+-------+-------++-------
Melee: Unarmed           |    89 |    60 ||   149
       Punch             |       |     1 ||     1
 Cast: Sandblast         |     4 |     2 ||     6
  Use: Potion            |       |     1 ||     1
 Stab: Sleeping          |       |     1 ||     1
  Eat: Chunk             |    15 |     7 ||    22
Armor: Robe              |    20 |    17 ||    37
Dodge: Dodged            |    43 |    25 ||    68

Table legend:
 A = Non-vault XP
 B = Vault XP
 C = Vault XP percentage of total XP
 D = Non-vault monster count
 E = Vault monster count
 F = Vault count percentage of total count
                 A         B        C        D         E       F
            +---------+---------+-------+---------+---------+-------
      Total |     200 |     231 |  53.6 |      53 |       1 |   1.9
            +---------+---------+-------+---------+---------+-------
        D:1 |      47 |       0 |   0.0 |      23 |       0 |   0.0
        D:2 |      88 |       0 |   0.0 |      19 |       0 |   0.0
        D:3 |      65 |     231 |  78.0 |      11 |       1 |   8.3
            +---------+---------+-------+---------+---------+-------
